 Dungeon Crawl Stone Soup version 0.23.2-40-g277498a001 (webtiles) character file.

Game seed: 13030759713784141949

1208 MalarOregon the Magician (level 8, -7/70 HPs)
             Began as a Yellow Draconian Wizard on Sept 9, 2019.
             Was a Follower of the Shining One.
             Mangled by a mummy (12 damage)
             ... while paralysed
             ... in an ossuary on Sept 10, 2019.
             The game lasted 00:13:21 (6046 turns).

MalarOregon the Magician (Yellow Draconian Wizard)  Turns: 6046, Time: 00:13:21

Health: -7/70      AC:  7    Str: 10    XL:     8   Next: 21%
Magic:  16/16      EV:  2    Int: 25    God:    the Shining One [*.....]
Gold:   210        SH:  0    Dex: 10    Spells: 7/18 levels left

rFire    . . .     SeeInvis .   m - +0 spear (venom)
rCold    . . .     Gourm    .   (no shield)
rNeg     . . .     Faith    .   (armour unavailable)
rPois    .         Spirit   .   a - +1 hat
rElec    .         Reflect  .   (no cloak)
rCorr    +         Harm     .   (no gloves)
MR       .....                  (no boots)
Stlth    +.........             (no amulet)
HPRegen  0.21/turn              (no ring)
MPRegen  0.15/turn              (no ring)

@: paralysed, brilliant, berserk cooldown, flying, hasted and slowed, glowing
A: spit acid, unfitting armour, cold-blooded, acid resistance, AC +6
a: Breathe Acid, Renounce Religion


You were in an ossuary.
You worshipped the Shining One.
The Shining One was aware of your devotion.
You were hungry.

You visited 2 branches of the dungeon, and saw 6 of its levels.
You also visited: Ossuary.

You collected 210 gold pieces.

Inventory:

Hand Weapons
 m - a +0 spear of venom (weapon)
   (You took it off a gnoll on level 4 of the Dungeon)
Missiles
 s - a throwing net (quivered) {!f}
Armour
 a - a +1 hat (worn)
Jewellery
 v - a +2 amulet of reflection {unknown}
   (You found it on level 5 of the Dungeon)
Scrolls
 c - a scroll of noise {unknown}
 g - a scroll of amnesia
 i - 2 scrolls of remove curse {@r2}
 j - a scroll of blinking {unknown}
 k - 2 scrolls of teleportation {unknown}
 l - 4 scrolls of identify {unknown}
 o - a scroll of magic mapping {unknown}
 t - a scroll of enchant weapon {unknown}
Potions
 b - a potion of agility {unknown}
 h - a potion of curing {@q1}
 n - a potion of haste {@q3}
Comestibles
 e - 9 rations {!d}
 w - 3 chunks of flesh


   Skills:
 + Level 5.8 Fighting
 + Level 5.2 Dodging
 - Level 1.7 Stealth
 + Level 5.8 Spellcasting
 - Level 1.0 Conjurations
 - Level 1.0 Summonings
 - Level 1.0 Translocations
 - Level 1.0 Fire Magic
 - Level 1.0 Air Magic
 - Level 1.0 Poison Magic
   Level 0.5 Evocations


You had 7 spell levels left.
You knew the following spells:

 Your Spells              Type           Power        Failure   Level  Hunger
a - Magic Dart            Conj           ####         1%          1    None
b - Blink                 Tloc           N/A          1%          2    None
d - Conjure Flame         Conj/Fire      ####....     1%          3    #......
f - Mephitic Cloud        Conj/Pois/Air  ####....     1%          3    #......
x - Call Imp              Summ           ####....     1%          2    None

Your spell library contained the following spells:

 Spells                   Type           Power        Failure   Level  Hunger
 Slow                     Hex            ###.....     1%          2    None


Dungeon Overview and Level Annotations

Branches:
Dungeon (5/15)             Temple (1/1) D:4

Altars:
Ashenzari
Cheibriados
Dithmenos
Fedhas
Gozag
Hepliaklqana
Makhleb
Okawaru
Qazlal
Ru
Sif Muna
Uskayaw
Vehumet
Wu Jian
Xom
Zin
The Shining One
Beogh

Annotations:
D:2 1 runed translucent door, Crazy Yiuf
D:3 3 runed translucent doors, Sigmund; ciphuk's ghost, amateur KoBe


Innate Abilities, Weirdness & Mutations

You can spit globs of acid.
Your golden yellow scales are hard. (AC +6)
You cannot fit into any form of body armour.
You are cold-blooded and may be slowed by cold attacks.
You are resistant to acid. (rCorr)


Message History

Unknown command.
You hit the centaur zombie.
The big kobold zombie barely misses you.
The centaur zombie hits you.
* * * LOW HITPOINT WARNING * * *
You puncture the centaur zombie!
The big kobold zombie completely misses you.
The centaur zombie hits you but does no damage.
The big kobold zombie hits you.
* * * LOW HITPOINT WARNING * * *
You hit the centaur zombie. You tail-slap the centaur zombie.
The centaur zombie completely misses you.
Unknown command.
You puncture the centaur zombie!
You destroy the centaur zombie!
The Shining One accepts your kill.
Training target 1.0 for Air Magic reached!
Training target 1.0 for Fire Magic reached!
Your Fire Magic skill increases to level 1!
Your Air Magic skill increases to level 1!
The big kobold zombie hits you.
* * * LOW HITPOINT WARNING * * *
The big kobold zombie completely misses you.
Unknown command.
You puncture the big kobold zombie! You tail-slap the big kobold zombie!
The big kobold zombie hits you.
* * * LOW HITPOINT WARNING * * *
The big kobold zombie closely misses you.
You puncture the big kobold zombie!
The big kobold zombie hits you but does no damage.
Unknown command.
You puncture the big kobold zombie!
The big kobold zombie hits you but does no damage.
The big kobold zombie hits you.
* * * LOW HITPOINT WARNING * * *
The big kobold zombie misses you.
You hit the big kobold zombie.
You destroy the big kobold zombie!
The Shining One accepts your kill.
Training target 1.0 for Poison Magic reached!
Your Poison Magic skill increases to level 1!
You are no longer berserk.
You pass out from exhaustion.
You feel yourself slow down.
The big kobold zombie barely misses you. x2
The big kobold zombie hits you but does no damage.
The big kobold zombie hits you.
* * * LOW HITPOINT WARNING * * *
The mummy hits you!
You die...

#####
##.Z@##
#..MM.#
#..Z..#
#.....#
#.....#
#..∩..#
#.....#
#..∩..#
#.....#


You could see 2 mummies and 2 big kobold zombies.

Vanquished Creatures
  Pikel (D:4)
  A slave (D:4)
  An ogre (D:4)
  A scorpion (D:5)
  A centaur zombie (Ossuary)
  A hound (D:3)
  A bullfrog skeleton (D:4)
  An orc wizard (D:3)
  A gnoll shaman (D:1)
  Jessica (D:2)
  An iguana (D:5)
  A worker ant (D:5)
  2 big kobold zombies (Ossuary)
  A hound zombie (D:5)
  3 mummies (Ossuary)
  3 gnolls
  A howler monkey skeleton (D:4)
  10 adders
  2 oozes
  3 dart slugs
  3 leopard geckos
  3 orcs (D:3)
  5 giant cockroaches
  6 goblins
  10 hobgoblins
  4 quokkas
  10 bats
  3 frilled lizards
  4 hobgoblin zombies (Ossuary)
  6 kobolds
  A quokka skeleton (D:4)
  A quokka zombie (D:5)
  6 rats
99 creatures vanquished.

Vanquished Creatures (collateral kills)
  An ice beast (D:2)
  Ijyb (D:3)
  Terence (D:3)
  2 worker ants (D:4)
  5 gnolls
10 creatures vanquished.

Grand Total: 109 creatures vanquished

Notes
Turn   | Place    | Note
-------+----------+-------------------------------------------
     0 | D:1      | MalarOregon the Draconian Wizard began the quest for the
                  | Orb.
     0 | D:1      | Reached XP level 1. HP: 14/14 MP: 4/4
   210 | D:1      | Reached XP level 2. HP: 3/22 MP: 1/6
   519 | D:1      | Reached skill level 1 in Fighting
  1180 | D:2      | Learned a level 2 spell: Blink
  1183 | D:2      | Learned a level 2 spell: Call Imp
  1350 | D:2      | Reached XP level 3. HP: 28/28 MP: 3/7
  1889 | D:2      | Reached XP level 4. HP: 32/36 MP: 3/9
  2784 | D:2      | Noticed an ice beast
  2794 | D:2      | Killed an ice beast
  2794 | D:2      | Reached XP level 5. HP: 45/45 MP: 2/11
  2844 | D:2      | Found a runed translucent door.
  2845 | D:2      | Noticed Crazy Yiuf
  2905 | D:2      | Noticed Jessica
  2911 | D:2      | Killed Jessica
  3160 | D:3      | Noticed Ijyb
  3173 | D:3      | Killed Ijyb
  3422 | D:3      | Reached XP level 6. HP: 50/51 MP: 12/12
  3573 | D:3      | Noticed Terence
  3599 | D:3      | Killed Terence
  3853 | D:3      | Noticed Sigmund
  4207 | D:3      | Found a runed translucent gate.
  4207 | D:3      | Found a runed translucent gate.
  4207 | D:3      | Identified the +5 ring mail "Isekykirch" {Str+6 Int+2 Dex-2
                  | Stlth+}
  4208 | D:3      | Found a runed translucent gate.
  4209 | D:3      | Found a roughly hewn altar of Beogh.
  4268 | D:3      | Noticed ciphuk's ghost (amateur KoBe)
  4913 | D:4      | Your scales start taking on a golden yellow colour.
  4913 | D:4      | Reached XP level 7. HP: 60/60 MP: 14/14
  4913 | D:4      | Gained mutation: You are resistant to acid. (rCorr) [Yellow
                  | Draconian growth]
  5037 | D:4      | Reached skill level 5 in Spellcasting
  5101 | D:4      | Found a staircase to the Ecumenical Temple.
  5102 | D:4      | Found a stormy altar of Qazlal.
  5104 | D:4      | Noticed Pikel
  5128 | D:4      | Killed Pikel
  5128 | D:4      | Reached skill level 5 in Fighting
  5128 | D:4      | Reached skill level 5 in Dodging
  5435 | D:4      | Learned a level 2 spell: Slow
  5439 | D:4      | Learned a level 3 spell: Conjure Flame
  5443 | D:4      | Learned a level 3 spell: Mephitic Cloud
  5457 | Temple   | Entered the Ecumenical Temple
  5583 | Temple   | Became a worshipper of the Shining One
  5768 | D:5      | Entered Level 5 of the Dungeon
  5842 | D:5      | Reached XP level 8. HP: 69/69 MP: 16/16
  5983 | D:5      | Found a sand-covered staircase.
  5986 | Ossuary  | Entered an ossuary
  6000 | Ossuary  | Reached * piety under the Shining One
  6039 | Ossuary  | Reached skill level 1 in Fire Magic
  6039 | Ossuary  | Reached skill level 1 in Air Magic
  6043 | Ossuary  | Reached skill level 1 in Poison Magic
  6046 | Ossuary  | Mangled by a mummy

Skill      XL: |  1  2  3  4  5  6  7  8 |
---------------+-------------------------+-----
Dodging        | 2 3 4 5 |  5.2
Fighting       | 1 2 3 4 5 |  5.8
Spellcasting   | 4 5 |  5.8
Fire Magic     | 1 |  1.0
Air Magic      | 1 |  1.0
Poison Magic   | 1 |  1.0
Stealth        | |  1.7
Conjurations   | |  1.0
Summonings     | |  1.0
Translocations | |  1.0
Evocations     | |  0.5

Action                   |  1- 3 |  4- 6 |  7- 9 || total
-------------------------+-------+-------+-------++-------
Melee: Unarmed           |    42 |    14 |       ||    56
       Tailslap          |     3 |    24 |     9 ||    36
       Halberd           |       |    89 |       ||    89
       Mace              |       |   153 |       ||   153
       Spear             |       |     6 |   116 ||   122
 Cast: Magic Dart        |    55 |    40 |       ||    95
       Call Imp          |    10 |    18 |     1 ||    29
 Abil: Breathe Acid      |       |       |     1 ||     1
Evoke: Wand              |       |       |     5 ||     5
  Use: Scroll            |       |     1 |     2 ||     3
       Potion            |       |     1 |     7 ||     8
 Stab: Sleeping          |       |     4 |       ||     4
       Distracted        |       |     1 |       ||     1
  Eat: Chunk             |     3 |    10 |     4 ||    17
Armor: Skin              |    18 |    81 |    35 ||   134
Dodge: Dodged            |    42 |   236 |   116 ||   394
